Map: White Rabbit LE

Players

HeroMarine

  • Race: Terran Terran
  • Spawn Location: 1:00

Zoun - Winner!

  • Race: Protoss Protoss
  • League: Master
  • Spawn Location: 7:00

VOD

Have the link to the VOD?

Description

Time

  • Played on: Feb. 1, 2026, 8:07 a.m.
  • Length: 19:26
Show
View Real Time Build Order
Export as new Build Order

HeroMarine Terran 

Build Orders: Banshee Rush 

Get SALT Encoding   

  12  0:00  SCV  
  13  0:12  SCV  
  14  0:16  Supply Depot  
  14  0:24  SCV  
  15  0:38  SCV  
  15  0:39  Barracks  
  16  0:43  Refinery  
  16  0:50  SCV  
  17  1:02  SCV  
  18  1:14  SCV  
  19  1:27  Marine, Orbital Command  
  20  1:43  Command Center  
  20  1:50  Barracks Reactor  
  20  1:53  SCV  
  21  1:56  Supply Depot  
  21  2:05  SCV  
  22  2:09  Factory  
  22  2:17  SCV  
  22  2:18  Refinery  
  23  2:25  Marine  
  23  2:26  Marine  
  23  2:29  SCV  
  26  2:41  SCV  
  26  2:43  Marine x2  
  29  2:53  Factory Tech Lab, Starport  
  29  2:56  SCV, Orbital Command  
  30  3:01  Marine x2  
  32  3:08  SCV  
  32  3:11  Cyclone  
  36  3:19  Marine x2  
  38  3:22  SCV  
  38  3:23  SCV  
  38  3:31  Supply Depot  
  38  3:34  SCV  
  38  3:35  SCV  
  38  3:36  Refinery  
  38  3:38  Marine x2  
  42  3:46  SCV  
  42  3:47  SCV  
  44  3:49  Factory Tech Lab  
  44  3:52  Banshee  
  44  3:53  Cloaking Field  
  47  3:59  SCV x2  
  47  4:02  Supply Depot  
  49  4:08  Siege Tank  
  52  4:11  SCV x2  
  52  4:15  Supply Depot  
  54  4:22  Supply Depot  
  54  4:23  Marine x2  
  54  4:24  SCV  
  57  4:25  SCV  
  58  4:35  Banshee  
  58  4:36  SCV  
  58  4:37  SCV  
  63  4:40  Siege Tank  
  63  4:42  Marine x2  
  63  4:45  Supply Depot  
  68  4:48  SCV  
  68  4:49  SCV  
  68  4:52  Barracks  
  70  5:00  SCV  
  70  5:01  Barracks, SCV  
  70  5:03  Marine x2  
  74  5:12  Siege Tank  
  74  5:13  SCV x2  
  76  5:23  Raven  
  76  5:24  Marine x2  
  76  5:25  SCV x2  
  82  5:30  Engineering Bay  
  82  5:33  Supply Depot  
  79  5:37  SCV x2  
  79  5:42  Marine x2  
  82  5:47  Command Center  
  82  5:49  SCV  
  85  5:59  Stimpack  
  85  6:00  Marauder  
  85  6:03  Barracks x2  
  86  6:05  Terran Infantry Weapons Level 1  
  86  6:07  Factory Reactor, Starport Reactor  
  86  6:08  SCV x2  
  86  6:09  Refinery  
  86  6:10  Marauder  
  86  6:20  SCV x2  
  86  6:21  Marine x2, Marauder  
  86  6:31  Marauder  
  86  6:32  SCV x2  
  89  6:36  Combat Shield  
  89  6:43  Marauder  
  89  6:44  SCV x2  
  93  6:51  Medivac x2  
  94  6:59  SCV x2, Marauder  
  98  7:01  Orbital Command  
  98  7:03  Factory Reactor  
  98  7:04  Marauder  
  98  7:07  Marine x3  
  98  7:08  Marine  
  104  7:11  SCV x2  
  104  7:14  Factory Tech Lab  
  106  7:21  Supply Depot x2, Missile Turret  
  106  7:22  Marauder, Barracks Tech Lab  
  108  7:23  SCV x2, Medivac x2  
  108  7:25  Marauder  
  108  7:27  Orbital Command  
  116  7:30  Marine  
  116  7:33  Supply Depot  
  116  7:35  Supply Depot  
  117  7:42  Marine x3, SCV x2, Concussive Shells  
  117  7:43  Marauder  
  126  7:44  Marauder  
  126  7:50  Marauder  
  128  7:53  Siege Tank  
  128  7:54  SCV x2  
  128  7:57  Marine  
  134  7:59  Terran Infantry Armor Level 1  
  134  8:00  Marine x3  
  134  8:05  Viking x2  
  139  8:07  SCV  
  139  8:09  Supply Depot, Marauder  
  144  8:14  Marauder, Supply Depot  
  144  8:16  Marauder  
  147  8:20  Marine x2  
  149  8:30  Marine x2  
  149  8:32  Marauder  
  144  8:38  Marauder  
  144  8:39  SCV x3  
  144  8:40  Refinery  
  74  8:41  Viking x2, Refinery  
  135  8:42  Siege Tank  
  140  8:48  Marauder  
  140  8:50  Marine x3  
  140  8:53  Marine, Marauder  
  142  8:59  Marauder  
  142  9:00  Supply Depot  
  144  9:08  Marine x3  
  144  9:09  Marine  
  128  9:14  Marine  
  128  9:15  Marauder  
  120  9:21  Marauder  
  120  9:23  Armory  
  118  9:25  Engineering Bay  
  118  9:26  Marine x3  
  118  9:28  Marauder  
  118  9:30  Command Center  
  123  9:32  Marine  
  123  9:33  Siege Tank  
  123  9:35  Medivac, Marine  
  123  9:37  Medivac  
  132  9:42  Marauder  
  132  9:43  Marine  
  135  9:48  Starport  
  135  9:49  Marauder  
  137  9:55  Missile Turret, Sensor Tower  
  137  10:01  Marauder  
  137  10:04  Marauder  
  137  10:06  Marine x4  
  145  10:08  Missile Turret  
  145  10:09  Viking  
  145  10:10  Viking  
  145  10:11  Missile Turret  
  149  10:16  Factory Reactor  
  149  10:17  Terran Infantry Weapons Level 2, Terran Infantry Armor Level 2  
  149  10:18  Terran Ship Weapons Level 1  
  149  10:22  Marauder  
  149  10:23  Marauder  
  149  10:28  Missile Turret  
  152  10:31  Marine x2  
  152  10:32  Marine x2, Marauder  
  158  10:40  SCV x3  
  158  10:41  Ghost Academy  
  161  10:49  Viking x2  
  164  10:58  Missile Turret  
  164  10:59  Marauder x2, Sensor Tower  
  164  11:01  Marine  
  164  11:02  Marine x2  
  171  11:06  Planetary Fortress  
  171  11:18  SCV x3  
  174  11:19  Viking x2, Missile Turret  
  174  11:24  Viking x2  
  182  11:31  Refinery  
  180  11:33  Marauder x2  
  178  11:43  SCV x3  
  178  11:44  SCV  
  171  11:49  Viking x2  
  171  11:50  Marauder  
  171  11:51  Marine  
  171  11:53  Marine  
  171  11:54  Marine  
  170  11:55  SCV x2, Marine x2  
  170  11:56  SCV x2  
  164  12:01  Marauder  
  164  12:07  SCV  
  156  12:09  Marine  
  156  12:10  Marine  
  156  12:14  Viking  
  156  12:15  Viking  
  164  12:16  Ghost, Marine x2  
  164  12:17  Marine  
  164  12:22  Ghost  
  169  12:24  Command Center, SCV x2  
  169  12:25  SCV x2  
  169  12:27  Marine  
  169  12:28  Ghost  
  176  12:30  Medivac x2  
  180  12:38  Sensor Tower  
  180  12:40  Missile Turret, Refinery  
  180  12:45  Marauder  
  180  12:47  Terran Infantry Weapons Level 3, Missile Turret  
  180  12:49  Terran Ship Weapons Level 2  
  184  12:51  Marauder  
  184  12:52  Marine x2  
  184  12:53  Marine  
  184  12:56  Marine  
  184  13:10  Terran Infantry Armor Level 3, Fusion Core  
  184  13:11  Marauder x2  
  187  13:28  Medivac x2  
  187  13:29  Marauder, Barracks  
  187  13:30  Barracks  
  193  13:35  Command Center  
  193  13:40  Orbital Command  
  193  13:45  Command Center, Ghost  
  195  13:51  Barracks  
  195  13:52  Ghost  
  195  13:53  Caduceus Reactor  
  197  13:58  Ghost  
  193  14:10  Liberator x2  
  199  14:25  Command Center  
  199  14:28  Command Center  
  199  14:43  Missile Turret  
  199  14:44  Missile Turret  
  194  14:53  Ghost x2  
  194  14:55  SCV  
  194  14:56  SCV  
  195  15:03  Missile Turret  
  195  15:04  Marine, Marauder  
  195  15:06  Marauder  
  167  15:22  Marauder  
  167  15:23  Marauder  
  167  15:24  Marine x2  
  167  15:25  Marauder  
  167  15:26  Marine x2  
  167  15:27  Marauder  
  169  15:31  Marine x2  
  158  15:40  Planetary Fortress  
  158  15:42  Marine x2, Orbital Command  
  159  15:43  Orbital Command  
  159  15:44  Marine x2, Marauder x2  
  159  15:46  Advanced Ballistics  
  159  15:47  Marauder, Liberator x3  
  159  15:48  Marine  
  163  16:00  Marine x2  
  163  16:01  Marine x2  
  163  16:03  Marine x2  
  161  16:04  Ghost  
  161  16:05  Marauder  
  161  16:06  Ghost  
  161  16:08  Marauder  
  157  16:16  Missile Turret  
  157  16:17  Liberator  
  157  16:18  Marine x2  
  162  16:19  Marine x2  
  162  16:21  Marine  
  163  16:27  Marauder  
  163  16:29  Marauder  
  163  16:30  Liberator  
  163  16:32  Liberator x2  
  156  16:34  Marauder  
  156  16:37  Marauder  
  157  16:42  Marine x4  
  157  16:43  Barracks Tech Lab  
  157  16:44  Barracks Reactor  
  161  16:48  Orbital Command, Marauder  
  161  16:50  Marine  
  164  16:55  Ghost  
  164  16:57  Ghost  
  164  17:00  Liberator  
  160  17:03  Ghost  
  160  17:04  Marine x3  
  160  17:06  Marine  
  160  17:08  Ghost  
  147  17:09  Marauder  
  147  17:13  Orbital Command  
  147  17:22  Marine x3  
  120  17:23  Marine  
  120  17:24  Marine x3  
  120  17:26  Marine  
  120  17:27  SCV x2  
  120  17:28  SCV  
  122  17:30  Marine  
  122  17:32  Marine  
  122  17:33  Liberator x2  
  122  17:36  Marine  
  130  17:38  Liberator  
  130  17:40  Marine x3  
  130  17:41  Marine  
  130  17:42  Marine x3  
  130  17:43  Liberator  
  144  17:44  Marine  
  144  17:48  Marine  
  144  17:50  Marine  
  141  17:54  Marine  
  141  17:57  Marine  
  141  17:58  Marine x2  
  134  17:59  Marine, Ghost  
  134  18:00  Marine  
  134  18:01  Ghost  
  134  18:04  Marine  
  134  18:06  Ghost  
  134  18:08  Marauder  
  132  18:13  Marauder  
  132  18:15  Marine x2  
  132  18:16  Marine  
  132  18:17  Marine  
  129  18:20  Liberator x2  
  129  18:21  Marine  
  129  18:22  Marine  
  126  18:29  Marauder  
  126  18:30  Marauder  
  126  18:31  Marauder  
  126  18:33  Marine x3  
  114  18:34  Marauder  
  114  18:35  Marauder  
  114  18:37  Marine  
  114  18:39  Marine  
  114  18:40  Marine  
  107  18:46  Medivac x2  
  111  18:50  Marauder  
  111  18:51  Marine, Marauder  
  111  18:52  Marine x2, Marauder  
  111  18:55  Marine, Marauder  
  123  18:56  Marauder  
  123  18:57  Marine  
  123  18:58  Marine  
Show
View Real Time Build Order
Export as new Build Order

Zoun Protoss - Winner!

Build Orders: 1 Gate Expand, Blink Stalkers 

Get SALT Encoding   

  12  0:00  Probe  
  13  0:12  Probe  
  14  0:18  Pylon  
  14  0:24  Probe  
  15  0:32  Probe  
  15  0:41  Gateway, Probe  
  17  0:50  Assimilator  
  17  0:52  Probe  
  18  1:05  Probe  
  19  1:17  Probe  
  20  1:27  Cybernetics Core  
  20  1:41  Nexus  
  21  1:48  Pylon  
  21  1:51  Probe  
  21  1:54  Stalker  
  21  1:55  Assimilator  
  21  2:03  Probe  
  21  2:06  Warp Gate  
  24  2:14  Adept  
  24  2:15  Probe  
  25  2:27  Probe  
  28  2:34  Twilight Council  
  28  2:39  Probe  
  28  2:43  Adept  
  31  2:51  Blink  
  31  2:53  Probe x2  
  33  3:01  Probe  
  33  3:04  Gateway  
  33  3:05  Probe  
  34  3:11  Probe  
  35  3:17  Probe  
  37  3:23  Probe  
  38  3:29  Probe  
  38  3:32  Robotics Facility  
  39  3:36  Probe  
  39  3:41  Gateway, Probe  
  40  3:48  Probe, Pylon  
  42  3:53  Probe  
  42  3:54  Shield Battery  
  41  3:58  Stalker  
  41  4:00  Probe  
  44  4:03  Stalker  
  44  4:06  Probe  
  44  4:08  Assimilator  
  47  4:12  Probe  
  47  4:15  Pylon  
  48  4:18  Probe  
  48  4:19  Observer  
  48  4:21  Stalker  
  52  4:24  Probe  
  53  4:33  Probe  
  53  4:34  Stalker  
  53  4:35  Stalker  
  53  4:38  Probe, Observer  
  61  4:47  Nexus  
  61  4:50  Pylon  
  61  4:54  Stalker  
  61  4:57  Pylon  
  62  5:00  Charge  
  62  5:08  Probe x2  
  62  5:10  Shield Battery  
  64  5:20  Probe x2  
  66  5:22  Robotics Bay  
  65  5:29  Gateway  
  65  5:30  Gateway  
  65  5:31  Immortal  
  65  5:32  Observer, Probe  
  65  5:33  Probe  
  69  5:37  Stalker  
  71  5:44  Probe  
  71  5:45  Probe  
  73  5:52  Stalker  
  73  5:56  Shield Battery, Probe  
  76  5:59  Probe  
  75  6:05  Pylon  
  75  6:06  Colossus  
  75  6:08  Gateway  
  75  6:09  Probe x2  
  75  6:11  Probe  
  79  6:20  Extended Thermal Lance  
  79  6:21  Probe x2  
  76  6:32  Probe  
  76  6:33  Probe  
  76  6:36  Forge  
  76  6:38  Pylon  
  76  6:39  Probe  
  77  6:45  Probe  
  78  6:47  Probe  
  78  6:48  Pylon  
  78  6:53  Sentry, Zealot x4  
  89  6:57  Gateway  
  89  7:00  Colossus  
  89  7:06  Probe x2  
  91  7:13  Probe  
  92  7:20  Probe x2  
  100  7:25  Probe  
  100  7:28  Nexus, Gateway  
  100  7:29  Protoss Ground Weapons Level 1  
  101  7:32  Probe  
  101  7:33  Pylon  
  101  7:35  Probe  
  103  7:37  Probe  
  103  7:38  Pylon  
  103  7:41  Zealot x4  
  110  7:52  Stalker  
  110  7:53  Warp Prism, Stalker, Zealot  
  116  8:04  Stalker  
  116  8:05  Stalker, Zealot x2  
  124  8:06  Probe x2  
  124  8:12  Pylon x2  
  126  8:15  Zealot  
  126  8:21  Zealot  
  126  8:22  Zealot  
  126  8:26  Forge  
  126  8:27  Zealot  
  120  8:38  Colossus  
  120  8:39  Zealot x5  
  122  8:49  Stalker x2  
  122  8:50  Stalker  
  118  9:00  Zealot  
  104  9:11  Zealot  
  104  9:12  Zealot x4  
  105  9:19  Stalker x2  
  105  9:20  Colossus  
  105  9:22  Stalker  
  97  9:29  Probe x3  
  97  9:30  Probe  
  101  9:36  Sentry, Zealot x4  
  117  9:38  Shield Battery  
  117  9:39  Protoss Ground Weapons Level 2, Photon Cannon  
  117  9:42  Stalker  
  117  9:43  Zealot  
  121  9:52  Probe x2  
  123  9:53  Probe, Assimilator  
  123  9:57  Protoss Ground Armor Level 1  
  124  10:00  Gateway x2  
  124  10:02  Zealot x4  
  124  10:06  Stalker  
  134  10:09  Zealot x3  
  140  10:15  Probe  
  140  10:16  Probe  
  142  10:25  Zealot x4  
  150  10:31  Nexus  
  150  10:32  Pylon  
  150  10:35  Stalker x2  
  152  10:39  Probe x2  
  154  10:42  Zealot x2  
  154  10:49  Pylon  
  158  10:50  Pylon  
  158  11:05  Zealot x7  
  158  11:08  Probe x2  
  173  11:12  Stalker x2  
  173  11:17  Stalker  
  173  11:18  Probe x2  
  181  11:20  Probe x2  
  181  11:23  Robotics Facility  
  181  11:25  Disruptor  
  187  11:28  Protoss Ground Weapons Level 3  
  187  11:37  Zealot x6  
  187  11:38  Protoss Ground Armor Level 2  
  171  11:51  Zealot x4  
  171  11:52  Immortal  
  145  12:01  Disruptor  
  141  12:04  Zealot x6  
  137  12:20  Gateway x2  
  137  12:21  Gateway x2  
  137  12:22  Sentry  
  139  12:23  Zealot x3  
  145  12:30  Disruptor, Stalker x2  
  145  12:31  Zealot x3  
  145  12:33  Nexus  
  145  12:35  Zealot  
  161  12:39  Pylon  
  161  12:45  Stalker x2  
  161  12:50  Probe x2, Nexus  
  167  12:56  Disruptor  
  167  12:57  Zealot x5  
  179  13:08  Zealot x5  
  179  13:11  Observer  
  172  13:20  Zealot x7  
  172  13:26  Pylon  
  186  13:29  Disruptor  
  186  13:33  Shield Battery, Disruptor  
  194  13:34  Photon Cannon  
  194  13:38  Stalker x2  
  198  13:46  Zealot  
  200  13:52  Shield Battery  
  200  13:54  Photon Cannon  
  200  13:57  Pylon  
  200  14:01  Gateway, Gravitic Boosters  
  200  14:02  Gateway  
  200  14:04  Protoss Ground Armor Level 3  
  196  14:19  Assimilator  
  196  14:20  Protoss Shields Level 1  
  196  14:22  Assimilator  
  196  14:28  Zealot x2  
  187  14:55  Zealot x9  
  187  14:58  Gravitic Drive  
  193  15:12  Zealot  
  193  15:13  Zealot x6  
  155  15:23  Zealot x5  
  155  15:24  Zealot x4  
  155  15:27  Disruptor  
  157  15:36  Zealot x7  
  169  15:44  Stalker x6, Zealot x3  
  169  15:45  Disruptor, Stargate  
  169  16:02  Zealot x7  
  169  16:03  Disruptor  
  171  16:10  Zealot x6  
  171  16:11  Zealot x3  
  157  16:19  Disruptor  
  157  16:23  Zealot x7  
  171  16:31  Disruptor  
  149  16:34  Zealot x8  
  149  16:35  Zealot  
  159  16:44  Stalker x3  
  159  16:45  Zealot x4  
  159  16:46  Disruptor  
  173  16:55  Zealot x8  
  173  16:56  Zealot  
  179  17:04  Disruptor  
  167  17:09  Stalker x5  
  167  17:10  Stalker, Zealot  
  167  17:22  Disruptor  
  125  17:30  Stalker x4, Zealot x6  
  145  17:37  Zealot x6  
  139  17:56  Zealot x3  
  139  17:57  Zealot x8  
  139  17:58  Zealot x5  
  153  18:16  Stalker  
  153  18:17  Stalker x10  
  173  18:23  Zealot x5  
  139  18:41  Zealot x7  
  139  18:42  Zealot x4  
  139  18:47  Zealot x4  
  145  19:14  Zealot x15  
Tags
 
Add a new tag
Caveats
  • Supply blocks, unpowered buildings, or Contaminate may cause inaccurate times.
  • Supply counts are checked every 10 seconds.